 Dungeon Crawl Stone Soup version 0.28-a0-1555-g9ae15a6949 (webtiles) character file.

Game seed: 5064189782355767327

1785 croobank the Shield-Bearer (level 9, -2/21 (64) HPs)
             Began as a Formicid Fighter on Jan 18, 2022.
             Was a Follower of Hepliaklqana.
             Slain by a gnoll shaman (9 damage)
             ... on level 6 of the Dungeon.
             The game lasted 00:35:51 (7938 turns).

croobank the Shield-Bearer (Formicid Fighter)       Turns: 7938, Time: 00:35:51

HP:   -2/21 (64)    AC: 10    Str: 22    XL:     9   Next: 29%
MP:   18/18         EV: 10    Int: 11    God:    Hepliaklqana [*.....]
Gold: 244           SH:  0    Dex: 10    Spells: 8/8 levels left

rFire   + . .      SeeInvis +   a - +0 war axe
rCold   . . .      Faith    .   c - +0 buckler
rNeg    . . .      Spirit   .   x - +3 ring mail {rF+}
rPois   .          Reflect  +   (helmet unavailable)
rElec   .          Harm     .   s - +0 cloak
rCorr   .          Rampage  .   (no gloves)
Will    .....                   (no boots)
Stlth   ..........              e - amulet of reflection
HPRegen 0.07/turn               n - ring of magical power
MPRegen 0.16/turn               (no ring)

@: confused, extremely drained
A: reduced essence, permanent stasis, dig shafts and tunnels, antennae 3, four
strong arms, deterioration 1
a: Dig, Shaft Self, Renounce Religion, Recall Ancestor, Ancestor Identity


You were on level 6 of the Dungeon.
You worshipped Hepliaklqana.
Hepliaklqana was aware of your devotion.
You visited 2 branches of the dungeon, and saw 7 of its levels.
You also visited: Sewer.

You collected 244 gold pieces.

Inventory:

Hand Weapons
 a - a +0 war axe (weapon)
 b - a +0 hunting sling
 d - a +2 dagger of protection
 w - a +2 long sword of holy wrath
 F - a +0 great sword
Missiles
 g - 16 poisoned darts
 h - 32 bolts
 k - 2 curare-tipped darts (quivered)
 l - 128 stones
 r - 29 sling bullets
 B - 6 boomerangs
 G - 58 arrows
Armour
 c - a +0 buckler (worn)
 j - a +0 ring mail
 p - a +0 leather armour
 s - a +0 cloak (worn)
 x - a +3 ring mail of fire resistance (worn)
 z - the +2 robe of the Cicada {rC+ Str-5 Dex+4 Slay+5}
   (You took it off a kobold on level 4 of the Dungeon)

   Str:       It affects your strength (-5).
   Dex:       It affects your dexterity (+4).
   Slay:      It affects your accuracy & damage with ranged weapons and melee
   (+5).
   rC:        It protects you from cold.
 E - a +0 scale mail
Jewellery
 e - an amulet of reflection (around neck)
 n - a ring of magical power (left hand)
Wands
 q - a wand of charming (13)
 u - a wand of mindburst (9)
 A - a wand of digging (2)
 C - a wand of flame (17)
Scrolls
 f - a scroll of amnesia
 m - 2 scrolls of fear
Potions
 i - 3 potions of lignification
 o - a potion of berserk rage
 t - a potion of haste
 D - a potion of flight
 I - a potion of invisibility
 J - a potion of cancellation


   Skills:
 + Level 7.1 Fighting
 + Level 6.0 Axes
 + Level 7.0 Armour
 + Level 7.7 Shields


You had 8 spell levels left.
You didn't know any spells.
Your spell library contained the following spells:

 Spells                   Type           Power      Damage    Failure   Level
 Lesser Beckoning         Tloc           0%         N/A       88%         3
 Manifold Assault         Tloc           0%         N/A       100%        5
 Blink                    Tloc           Unusable   N/A       N/A         2

Dungeon Overview and Level Annotations

Branches:
Dungeon (6/15)             Temple (1/1) D:5           Sewer (visited)

Altars:
Ashenzari
Dithmenos
Elyvilon
Fedhas
Gozag
Hepliaklqana
Kikubaaqudgha
Makhleb
Nemelex Xobeh
Okawaru
Qazlal
Ru
Sif Muna
Trog
Uskayaw
Vehumet
Xom
Yredelemnul
Zin
The Shining One

Shops:
D:1 *

Annotations:
D:4 1 runed translucent door, Crazy Yiuf


Innate Abilities, Weirdness & Mutations

Your life essence is reduced to manifest your ancestor. (-10% HP)
You cannot be hasted, slowed, berserked, paralysed or teleported.
You can dig through walls and to a lower floor.
You have a pair of large antennae on your head. (SInv)
Your four strong arms can wield two-handed weapons with a shield.
Your body sometimes deteriorates upon taking damage.


Message History

The gnoll is severely wounded.
The gnoll barely misses you.
You slash the gnoll!
You kill the gnoll!
There is an open door, spattered with blood here.
Things that are here:
a +0 club; a gnoll corpse HP restored.
Done exploring.
(D) Dungeon (T) Temple
Where to? (? - help)
There is a stone staircase leading down here.
You climb downwards.
The orc wizard shouts!
A gnoll comes into view. It is wielding a +0 halberd.
An orc wizard comes into view. It is wielding a +0 dagger.
An orc comes into view. It is wielding a +0 hand axe.
The gnoll moves out of view.
There is a stone staircase leading up here.
The gnoll shouts!
A gnoll comes into view. It is wielding a +0 spear.
You completely miss the gnoll.
The gnoll shouts!
The orc shouts!
The gnoll hits you with a +0 halberd!
A gnoll shaman comes into view. It is wielding a +0 whip.
You block the gnoll's attack.
The gnoll shaman shouts!
You hit the gnoll.
The gnoll is moderately wounded.
The orc wizard casts a spell at you.
You are confused.
The gnoll barely misses you.
You hear a shout! x2
You miss the gnoll.
The gnoll is moderately wounded.
The gnoll closely misses you.
The gnoll throws a throwing net.
The throwing net closely misses you. The gnoll hits you with a +0 halberd!
The gnoll shaman hits you with a +0 whip!
You die...

### ##..##.##
######.......# ##
#...#........##
#..##.............#
...........(......#
................##
#....@.........# #####
##..g.g...o....##.....
#.....###.o.....o....
#g..#.###......##...#
........#....o......#
..#.................##.
...#............o..#.##.
## #......##.........##.
........#<........##.


You could see a gnoll shaman, an orc wizard, 2 gnolls and an orc.

Vanquished Creatures
  An ice beast (D:5)
  2 ogres
  2 centaurs (D:5)
  2 kobold brigands (Sewer)
  4 scorpions
  A water moccasin skeleton (D:3)
  A crimson imp (D:4)
  4 hounds
  A gnoll shaman (D:6)
  Ijyb (D:4)
  Natasha (thrice) (D:4)
  2 iguanas
  3 orc wizards (D:5)
  A hound skeleton (D:2)
  Robin (D:4)
  7 gnolls
  14 adders
  A white imp (D:4)
  An adder skeleton (D:4)
  A worm (D:2)
  3 dart slugs
  9 orcs
  10 ball pythons
  10 endoplasms
  3 giant cockroaches
  11 goblins
  10 hobgoblins
  14 jackals
  2 quokkas (D:2)
  8 bats
  3 frilled lizards
  6 kobolds
  6 rats
148 creatures vanquished.

Vanquished Creatures (collateral kills)
  A kobold brigand (Sewer)
  A water moccasin skeleton (D:6)
  3 gnolls (D:6)
  2 adders
  A river rat (Sewer)
8 creatures vanquished.

Vanquished Creatures (others)
  A kobold (Sewer)
  4 fungi (D:4)
  24 plants (Sewer)
29 creatures vanquished.

Grand Total: 185 creatures vanquished

Notes
Turn   | Place    | Note
-------+----------+-------------------------------------------
     0 | D:1      | croobank the Formicid Fighter began the quest for the Orb.
     0 | D:1      | Reached XP level 1. HP: 18/18 MP: 1/1
   203 | D:1      | Reached XP level 2. HP: 24/24 MP: 2/2
   264 | D:1      | Found Xackoum's Assorted Antiques.
   442 | D:1      | Found a faded altar of an unknown god.
   531 | D:1      | Reached XP level 3. HP: 29/29 MP: 3/3
  1171 | D:2      | You fall into a shaft and drop 2 floors!
  1383 | D:2      | Reached XP level 4. HP: 37/37 MP: 4/4
  1464 | D:2      | Noticed an ogre
  1725 | D:3      | Reached XP level 5. HP: 13/42 MP: 5/5
  2420 | D:2      | Killed an ogre
  2421 | D:2      | Reached skill level 5 in Shields
  2421 | D:2      | Reached XP level 6. HP: 49/49 MP: 6/6
  3531 | D:4      | Identified the +2 robe of the Cicada {rC+ Str-5 Dex+4
                  | Slay+5}
  3592 | D:4      | Reached XP level 7. HP: 55/55 MP: 7/7
  3630 | D:4      | Noticed Natasha
  3638 | D:4      | Killed Natasha
  3639 | D:4      | Reached skill level 5 in Fighting
  3639 | D:4      | Reached skill level 5 in Armour
  3657 | D:4      | Noticed Ijyb
  3670 | D:4      | Killed Ijyb
  3757 | D:4      | Noticed Natasha
  3758 | D:4      | Gained mutation: Your body sometimes deteriorates upon
                  | taking damage. [potion of mutation]
  3770 | D:4      | Killed Natasha
  3802 | D:4      | Noticed Robin
  3831 | D:4      | Killed Robin
  4022 | D:4      | Noticed Natasha
  4028 | D:4      | Killed Natasha
  4208 | D:4      | Found a runed translucent door.
  4209 | D:4      | Noticed Crazy Yiuf
  4244 | D:5      | Entered Level 5 of the Dungeon
  4269 | D:5      | Found a staircase to the Ecumenical Temple.
  4353 | D:5      | Reached XP level 8. HP: 54/63 MP: 8/8
  4501 | Temple   | Entered the Ecumenical Temple
  4577 | Temple   | Became a worshipper of Hepliaklqana the Forgotten
  4723 | D:5      | Reached skill level 5 in Axes
  5796 | D:6      | Found a glowing drain.
  5823 | Sewer    | Entered a sewer
  5841 | Sewer    | Reached XP level 9. HP: 71/71 MP: 9/9
  5874 | Sewer    | Reached * piety under Hepliaklqana
  7938 | D:6      | Slain by a gnoll shaman

Illustrated notes

Levels and vault maps discovered:
D:1:      minmay_arrival_semitransparent, layout_loops_ring,
          nicolae_ecumenical_lake_church, serial_shops, shop,
          minmay_heptomino_h4
D:2:      layout_basic
D:3:      layout_basic
D:4:      layout_rooms, minmay_fire_ice_demons, uniq_robin, uniq_natasha,
          uniq_ijyb, uniq_crazy_yiuf_cottage
D:5:      layout_basic, minmay_temple_entry_trees
D:6:      layout_cave_pools, gup_sewer_entry_glass, serial_gnoll_camp,
          gnoll_camp_medium_02, gnoll_camp_mini_basic, gnoll_camp_mini_basic,
          gnoll_camp_mini_house, gnoll_camp_mini_hut
Temple:   regret_index_temple_sigil_plot

Skill      XL: |  1  2  3  4  5  6  7  8  9 |
---------------+----------------------------+-----
Shields        | 4 5 6 7 |  7.7
Armour         | 4 5 6 7 |  7.0
Fighting       | 4 5 6 7 |  7.1
Axes           | 3 4 5 6 |  6.0

Action                   |  1- 3 |  4- 6 |  7- 9 || total
-------------------------+-------+-------+-------++-------
Melee: War axe           |    77 |   136 |   323 ||   536
 Fire: Hunting sling     |       |       |     9 ||     9
Throw: Dart              |       |     9 |    21 ||    30
       Stone             |       |       |     3 ||     3
 Abil: Dig               |       |       |     4 ||     4
Evoke: Wand              |       |       |     1 ||     1
  Use: Scroll            |     2 |     1 |     7 ||    10
       Potion            |       |     1 |     7 ||     8
Armor: Scale mail        |    36 |    50 |       ||    86
       Ring mail         |       |     6 |    90 ||    96
Dodge: Dodged            |    31 |    63 |   114 ||   208
Block: Buckler           |    40 |    83 |   166 ||   289
       Reflection        |       |       |     4 ||     4

Table legend: (Time is in decaauts)
 A = Elapsed time spent in this place.
 B = Non-inter-level travel time spent in this place.
 C = Inter-level travel time spent in this place.
 D = Time resting spent in this place.
 E = Time spent auto-exploring this place.
 F = Levels seen in this place.
 G = Mean time per level.
                   A        B        C        D        E       F      G
               +--------+--------+--------+--------+--------+-----+--------+
         Total |   8350 |   8135 |    215 |   1733 |   3717 |   8 | 1043.8 |
       Dungeon |   6630 |   6427 |    203 |   1413 |   2881 |   6 | 1105.0 |
        Temple |     88 |     76 |     12 |      0 |     55 |   1 |   88.0 |
         Sewer |   1631 |   1631 |      0 |    320 |    781 |   1 | 1631.0 |
               +--------+--------+--------+--------+--------+-----+--------+

Top non-repeatable levels by time:
     D:5: 1654 daAuts
   Sewer: 1631 daAuts
     D:2: 1179 daAuts
     D:4: 1087 daAuts
     D:3: 1070 daAuts
     D:1: 1018 daAuts
     D:6: 620 daAuts
  Temple: 88 daAuts
